 Dungeon Crawl Stone Soup version 0.23.1 (webtiles) character file.

Game seed: 0

70 CharlesCox the Firebug (level 4, -25/33 HPs)
             Began as a Hill Orc Fire Elementalist on Mar 7, 2019.
             Engulfed by a cloud of flame (30 damage)
             ... on level 3 of the Dungeon.
             The game lasted 00:33:21 (1560 turns).

CharlesCox the Firebug (Hill Orc Fire Elementalist) Turns: 1560, Time: 00:33:22

Health: -25/33     AC:  2    Str: 10    XL:     4   Next: 21%
Magic:  0/7        EV: 12    Int: 16    God:
Gold:   60         SH:  0    Dex: 11    Spells: 1/7 levels left

rFire    . . .     SeeInvis .   e - +0 spear
rCold    . . .     Gourm    .   (no shield)
rNeg     . . .     Faith    .   a - +0 robe
rPois    .         Spirit   .   (no helmet)
rElec    .         Reflect  .   (no cloak)
rCorr    .         Harm     .   (no gloves)
MR       .....                  (no boots)
Stlth    ++........             (no amulet)
HPRegen  0.11/turn              (no ring)
MPRegen  0.10/turn              (no ring)

@: very slightly contaminated
A: no striking features
a: no special abilities


You were on level 3 of the Dungeon.
You were not hungry.

You visited 1 branch of the dungeon, and saw 3 of its levels.

You collected 60 gold pieces.

Inventory:

Hand Weapons
 d - a +0 hunting sling
 e - a +0 spear (weapon)
Missiles
 f - 104 stones (quivered)
 q - 3 tomahawks
Armour
 a - a +0 robe (worn)
 l - a cursed +0 scale mail
Wands
 m - a wand of iceblast (9)
Scrolls
 g - a scroll of enchant weapon {unknown}
 i - a scroll of identify {unknown}
 k - 2 scrolls of amnesia {unknown}
 r - a scroll of fear {unknown}
Potions
 h - a potion of might {unknown}
 j - a potion of degeneration {unknown}
 n - a potion of curing {unknown}
 o - a potion of cancellation {unknown}
Comestibles
 c - a ration


   Skills:
 + Level 0.1 Fighting
 + Level 1.2 Polearms
 + Level 1.8 Dodging
 + Level 2.1 Stealth
 + Level 2.2 Spellcasting
 + Level 1.1 Conjurations
 + Level 3.9 Fire Magic


You had one spell level left.
You knew the following spells:

 Your Spells              Type           Power        Failure   Level  Hunger
a - Flame Tongue          Conj/Fire      #....        7%          1    #......
b - Throw Flame           Conj/Fire      #.....       11%         2    ###....
c - Inner Flame           Hex/Fire       #.......     26%         3    ###....

Your spell library contained the following spells:

 Spells                   Type           Power        Failure   Level  Hunger
 Conjure Flame            Conj/Fire      #.......     22%         3    ###....
 Sticky Flame             Conj/Fire      #.......     56%         4    #####..
 Fireball                 Conj/Fire      #.........   89%         5    ######.


Dungeon Overview and Level Annotations

Branches:
Dungeon (3/15)

Altars:

Annotations:
D:2 Robin


Message History

Aim: an orc, wielding a +0 hand axe (inner flame)
The flame tongue hits the orc.
The orc is severely wounded.
Casting: Flame Tongue (safe; 8% risk of failure)
Confirm with . or Enter, or press ? or * to list all spells.
Aiming: Flame Tongue (safe; 8% risk of failure)
Press: ? - help, Shift-Dir - straight line, f/p - orc
Aim: an orc, wielding a +0 hand axe (severely wounded, inner flame)
The flame tongue hits the orc!
The orc explodes!
The fiery explosion engulfs the orc priest!!
You kill the orc priest!
Your Polearms skill increases to level 1!
Your Stealth skill increases to level 2!
You have reached level 4!
The fiery explosion engulfs you!
* * * LOW HITPOINT WARNING * * *
You are engulfed in blazing flames.
Ouch! That really hurt!
You die...

..# #.#.# ..# #.#
..# #.# ..# #.# ..#
#.# ..# #.# .!# #.#
..################.#
.o((.......o.o§§@..#
####################


You could see an orc wizard and an orc.

Vanquished Creatures
  An orc priest (D:3)
  2 adders (D:3)
  2 orcs (D:3)
  5 goblins
  A hobgoblin (D:1)
  3 jackals (D:3)
  A bat (D:1)
  A frilled lizard (D:1)
  3 kobolds
  2 rats (D:1)
21 creatures vanquished.

Notes
Turn   | Place    | Note
-------+----------+-------------------------------------------
     0 | D:1      | CharlesCox the Hill Orc Fire Elementalist began the quest
                  | for the Orb.
     0 | D:1      | Reached XP level 1. HP: 14/14 MP: 3/3
   542 | D:1      | Reached XP level 2. HP: 20/20 MP: 1/4
   546 | D:1      | Learned a level 2 spell: Throw Flame
   691 | D:2      | Noticed Robin
  1142 | D:3      | Reached XP level 3. HP: 11/26 MP: 2/5
  1491 | D:3      | Learned a level 3 spell: Inner Flame
  1560 | D:3      | Reached skill level 1 in Polearms
  1560 | D:3      | Reached XP level 4. HP: 20/33 MP: 0/7
  1560 | D:3      | Engulfed by a cloud of flame

Skill      XL: |  1  2  3 |
---------------+----------+-----
Spellcasting   | 2 |  2.2
Polearms       | 1 |  1.2
Stealth        | 2 |  2.1
Fighting       | |  0.1
Dodging        | |  1.8
Conjurations   | |  1.1
Fire Magic     | |  3.9

Action                   |  1- 3 |  4- 6 || total
-------------------------+-------+-------++-------
Melee: Spear             |    25 |       ||    25
Throw: Javelin           |     5 |       ||     5
 Cast: Flame Tongue      |    21 |     1 ||    22
       Throw Flame       |     1 |       ||     1
       Inner Flame       |     1 |       ||     1
 Stab: Sleeping          |     2 |       ||     2
  Eat: Chunk             |     1 |       ||     1
       Ration            |     1 |       ||     1
Armor: Robe              |     3 |       ||     3
Dodge: Dodged            |    21 |       ||    21
